 Seeded DCSS version 0.30-a0-390-g80c34de65d (webtiles) character file.

Game seed: 4606420740447087807 (custom seed)

56 purpskrrrp the Trooper (level 3, -1/24 HPs)
             Began as a Gargoyle Fighter on Dec 5, 2022.
             Was an Initiate of Yredelemnul.
             Killed from afar by Ijyb (11 damage)
             ... with a bolt of light
             ... on level 3 of the Dungeon.
             The game lasted 00:02:36 (1553 turns).

purpskrrrp the Trooper (Gargoyle Fighter)           Turns: 1553, Time: 00:02:36

Health: -1/24      AC: 10    Str: 21    XL:     3   Next: 97%
Magic:  3/3        EV:  9    Int:  8    God:    Yredelemnul [......]
Gold:   173        SH:  0    Dex:  9    Spells: 2/2 levels left

rFire   . . .      SeeInvis .    f - +2 whip (vamp)
rCold   . . .      Faith    .    c - +0 buckler
rNeg    + . .      Spirit   .    b - +0 scale mail
rPois   ∞          Reflect  .    (no helmet)
rElec   +          Harm     .    k - scarf {shadows}
rCorr   .          Rampage  .    (no gloves)
Will    .....                    (no boots)
Stlth   ..........               (no amulet)
HPRegen 0.24/turn                (no ring)
MPRegen 0.08/turn                (no ring)

@: confused, mighty, invisible
A: sickness immunity, AC +3, negative energy resistance 1, electricity
resistance, torment resistance 1, petrification resistance
a: Renounce Religion, Recall Undead Harvest


You were on level 3 of the Dungeon.
You worshipped Yredelemnul.
Yredelemnul was noncommittal.
You visited 1 branch of the dungeon, and saw 3 of its levels.

You collected 173 gold pieces.

Inventory:

Hand Weapons
 a - a +0 flail
 f - a +2 vampiric whip (weapon)
Armour
 b - a +0 scale mail (worn)
 c - a +0 buckler (worn)
 k - a scarf of shadows (worn)
Scrolls
 g - a scroll of poison {unknown}
 j - a scroll of teleportation
 l - a scroll of identify


   Skills:
 + Level 3.8 Fighting
 * Level 2.8 Maces & Flails
 + Level 3.7 Armour
 + Level 3.8 Shields


You had 2 spell levels left.
You didn't know any spells.
Your spell library contained the following spells:

 Spells                   Type           Power      Damage    Failure   Level
 Freeze                   Ice            0%         1d3       83%         1
 Dazzling Flash           Conj/Hex       0%         N/A       99%         3
 Frozen Ramparts          Ice            0%         1d1       99%         3
 Hailstorm                Conj/Ice       0%         3d3       99%         3
 Iskenderun's Mystic Bla  Conj/Tloc      0%         2d3       100%        4
 Starburst                Conj/Fire      0%         6d3       100%        6


Dungeon Overview and Level Annotations

Branches:
Dungeon (3/15)

Altars:
Yredelemnul

Shops:
D:1 =

Annotations:
D:3 Ijyb


Innate Abilities, Weirdness & Mutations

You are immune to sickness and miasma.
Your stone body is resilient. (AC +3)
You are immune to poison.
You resist negative energy. (rN+)
You are resistant to electric shocks. (rElec)
You are resistant to unholy torment.
You are immune to petrification.


Message History

Your bat zombie is blinded.
The bolt of light hits you!
You are confused.
Ouch! That really hurt!
You are too injured to fight recklessly!
You are too injured to fight recklessly!
You are too injured to fight recklessly!
You are too injured to fight recklessly!
You are too injured to fight recklessly!
You are too injured to fight recklessly!
You are too injured to fight recklessly!
You are too injured to fight recklessly!
You are too injured to fight recklessly!
You are too injured to fight recklessly!
You are too injured to fight recklessly!
You are too injured to fight recklessly!
You are too injured to fight recklessly!
You are too injured to fight recklessly!
You are too injured to fight recklessly!
You are too injured to fight recklessly!
You are too injured to fight recklessly!
You are too injured to fight recklessly!
You are too injured to fight recklessly!
Are you sure you want to stumble around while confused and next to your bat zombie?
Okay, then.
Unknown command.
Okay, then.
You are too confused!
You fade into invisibility!
Ijyb hits your bat zombie with a +0 dagger.
Your bat zombie is destroyed!
You feel very mighty all of a sudden. The adder barely misses you.
The adder closely misses you.
You miss Ijyb.
You feel less confused. The adder bites you but does no damage.
Ijyb zaps a wand.
The bolt of light hits you!
You are confused.
You die...
Your body rises from the dead as a mindless zombie.

........# #.#
.....[..#...#
........#..#
..........# ..
.....?...#..
..#.Sg.#.#.#
....#@...#.##.#
#....Z...#..#
##....#..#.#
#>....#...##
#....##.#....#####
#.##.##...........
. ... #.##...>.##
.. .# .. #...#..##
...
#...##..###....


You could see Ijyb (unable to see you, ally target), an adder (unable to see
you) and a friendly frilled lizard zombie.

Vanquished Creatures
  An adder (D:2)
  A dart slug (D:1)
  2 orcs (D:2)
  5 bats
  An endoplasm (D:2)
  3 giant cockroaches (D:1)
  7 goblins
  6 hobgoblins
  3 kobolds
  A quokka (D:2)
  2 ball pythons (D:1)
  A frilled lizard (D:3)
  A rat (D:1)
34 creatures vanquished.

Vanquished Creatures (collateral kills)
  An orc (D:2)
1 creature vanquished.

Vanquished Creatures (others)
  A bat zombie (D:3)
  A hobgoblin zombie (D:2)
  2 fungi (D:1)
  A plant (D:1)
  7 toadstools (D:1)
12 creatures vanquished.

Grand Total: 47 creatures vanquished

Notes
Turn   | Place    | Note
-------+----------+-------------------------------------------
     0 | D:1      | purpskrrrp the Gargoyle Fighter began the quest for the
                  | Orb.
     0 | D:1      | Reached XP level 1. HP: 14/14 MP: 1/1
    65 | D:1      | Reached XP level 2. HP: 19/19 MP: 2/2
    89 | D:1      | Found Leacky's Jewellery Boutique.
   249 | D:1      | Reached XP level 3. HP: 24/24 MP: 3/3
   276 | D:1      | Found a faded altar of an unknown god.
   753 | D:1      | Prayed at the altar of an unknown god.
   753 | D:1      | Became a worshipper of Yredelemnul the Dark
   753 | D:1      | Reached * piety under Yredelemnul
  1548 | D:3      | Noticed Ijyb
  1553 | D:3      | Killed from afar by Ijyb

Illustrated notes

Levels and vault maps discovered:
D:1:      nagdon_arrival_zigzag_paths, layout_loops_ring, serial_shops,
          nicolae_shop_behind_doors, dreamdust_ecumenical_altar_grove,
          minmay_pentomino_p4
D:2:      layout_loops_ring, guppyfry_early_orc_mine
D:3:      layout_rooms, nicolae_wu_jian_immortal_techniques, uniq_ijyb,
          uniq_natasha

Action                   || total
-------------------------++-------
Melee: Flail             ||    81
       Whip              ||    23
  Use: Scroll            ||     6
       Potion            ||     2
Armor: Scale mail        ||    60
Dodge: Dodged            ||    65
Block: Buckler           ||    17

Table legend: (Time is in decaauts)
 A = Elapsed time spent in this place.
 B = Non-inter-level travel time spent in this place.
 C = Inter-level travel time spent in this place.
 D = Time resting spent in this place.
 E = Time spent auto-exploring this place.
 F = Levels seen in this place.
 G = Mean time per level.
                   A        B        C        D        E       F      G
               +--------+--------+--------+--------+--------+-----+--------+
         Total |   1579 |   1454 |    125 |      0 |   1189 |   3 |  526.3 |
       Dungeon |   1579 |   1454 |    125 |      0 |   1189 |   3 |  526.3 |
               +--------+--------+--------+--------+--------+-----+--------+

Top non-repeatable levels by time:
     D:1: 795 daAuts
     D:2: 735 daAuts
     D:3: 47 daAuts
